 Dungeon Crawl Stone Soup version 0.31-a0-187-gba352fbbf7 (webtiles) character file.

Game seed: 16885537584477829217

94 qw the Shooter (level 4, -1/25 HPs)
             Began as a Deep Elf Hunter on June 22, 2023.
             Succumbed to Sigmund's poison
             ... on level 3 of the Dungeon.
             The game lasted 00:00:46 (2123 turns).

qw the Shooter (Deep Elf Hunter)                    Turns: 2123, Time: 00:00:47

Health: -1/25      AC:  5    Str: 10    XL:     4   Next: 38%
Magic:  6/6        EV: 11    Int: 14    God:
Gold:   89         SH:  0    Dex: 18    Spells: 3/3 levels left

rFire   . . .        Y - +0 shortbow (flame)
rCold   . . .        (shield currently unavailable)
rNeg    . . .        k - +0 ring mail
rPois   .            (no helmet)
rElec   .            (no cloak)
rCorr   .            (no gloves)
SInv    .            (no boots)
Will    .....        (no amulet)
Stlth   +            (no ring)
HPRegen 0.24/turn    (no ring)
MPRegen 0.10/turn

%: no passive effects
@: lethally poisoned (-1 -> -11)
A: no striking features
a: no special abilities


You were on level 3 of the Dungeon.
You visited 1 branch of the dungeon, and saw 3 of its levels.

You collected 131 gold pieces.
You spent 42 gold pieces at shops.


   Skills:
 - Level 1.5 Fighting
 + Level 7.8 Ranged Weapons
 - Level 2.4 Dodging
 - Level 1.2 Stealth


You had 3 spell levels left.
You didn't know any spells.
Your spell library was empty.

Inventory:

Hand Weapons
 Y - a +0 shortbow of flaming (weapon)
Armour
 k - a +0 ring mail (worn)
Scrolls
 b - a scroll of immolation {unknown}
 c - a scroll of identify
 e - 2 scrolls of enchant armour {unknown}
Potions
 a - 2 potions of curing
 d - a potion of lignification {unknown}
 f - a potion of magic {unknown}
 l - a potion of haste {unknown}
 m - a potion of degeneration {unknown}

Dungeon Overview and Level Annotations

Branches:
Dungeon (3/15)

Altars:

Shops:
D:2 !


Message History

2110 ||| FLEEEEING.
2111 ||| FLEEEEING.
2112 ||| FLEEEEING.
2113 ||| STILL FLEEEEING.
Enter note:
Enter note:
Enter note:
Enter note:
Enter note:
Enter note:
Enter note:
Enter note:
Enter note:
2114 ||| STILL FLEEEEING.
You see here a +0 spear.
You start resting.
Sigmund is nearby!
You shoot an arrow. The arrow hits Sigmund.
The arrow burns Sigmund.
Sigmund is moderately wounded.
You shoot an arrow. The arrow hits Sigmund.
The arrow burns Sigmund.
Sigmund is heavily wounded.
Sigmund closely misses you.
You shoot an arrow. The arrow hits Sigmund.
The arrow burns Sigmund.
Sigmund is severely wounded.
You shoot an arrow. The arrow barely misses Sigmund.
Sigmund hits you from afar with a +2 scythe of venom.
You are poisoned.
You shoot an arrow. The arrow closely misses Sigmund.
You feel very sick.
Sigmund hits you from afar with a +2 scythe of venom.
You are lethally poisoned!
You shoot an arrow. The arrow hits Sigmund.
The arrow burns Sigmund.
Sigmund is almost dead.
You feel very sick. Sigmund closely misses you.
You shoot an arrow. The arrow closely misses Sigmund.
You feel very sick.
You shoot an arrow. The arrow hits Sigmund!
The arrow burns Sigmund.
You kill Sigmund!
You die...

.................#### ##.........
######.......##.###.###.###.###.#
.............#...............#.>#
.....#.........##.###.###.##..#.#
.....#.......#.#...........#.##.#
.....#...#####...##.###.##...##.#
..######## ##.#.#.......#.#.##.#
.###### #..#...##.##...#..#.#
..##..# ##.#@#.#...#.#.#.##.#
~..##.########...#...#...#...##.#
~~......@....#)#.#.#...#.#.#.#...
~..#..##.......#...##.##...#.....
..##...#.....#.#.#.......#.#.#...
@###.#.#.....#...##.###.##...#...
.# #.#..####.#.#...........#.##.#
.# #.##..###...##.###.###.##....#
.. ..###...#.#...............#..#


There were no monsters in sight!

Vanquished Creatures
  Sigmund (D:3)
  4 adders
  3 dart slugs
  7 ball pythons
  5 bats
  5 endoplasms
  2 giant cockroaches (D:2)
  4 goblins
  3 hobgoblins
  8 jackals
  2 quokkas
  A frilled lizard (D:1)
  3 kobolds
  2 rats
50 creatures vanquished.

Notes
Turn   | Place    | Note
-------+----------+-------------------------------------------
     0 | D:1      | qw the Deep Elf Hunter began the quest for the Orb.
     0 | D:1      | Reached XP level 1. HP: 12/12 MP: 3/3
     0 | D:1      | 0 ||| qw: Version: 0.3-a-9-g12657ce
     0 | D:1      | 0 ||| qw: Game counter: 1983
     0 | D:1      | 0 ||| qw: Always use a shield: true
     0 | D:1      | 0 ||| qw: God list: Okawaru
     0 | D:1      | 0 ||| qw: Allow faded altars: false
     0 | D:1      | 0 ||| qw: Do Orc after D:15 true
     0 | D:1      | 0 ||| qw: Do second Lair branch before Depths: true
     0 | D:1      | 0 ||| qw: Lair rune preference: random
     0 | D:1      | 0 ||| qw: Plans: Normal
     0 | D:1      | 0 ||| PLANNING D:1-11
   289 | D:1      | Reached XP level 2. HP: 16/16 MP: 4/4
   317 | D:1      | Reached skill level 6 in Ranged Weapons
   829 | D:1      | 829 ||| UPGRADING to +0 ring mail.
   839 | D:1      | 839 ||| DROPPING +0 leather armour.
   840 | D:1      | 840 ||| READING 2 scrolls labelled ERHENO ITIVOE.
   841 | D:1      | 841 ||| READING scroll labelled LUUCWARUNTU.
   842 | D:1      | 842 ||| READING scroll labelled POTTOST BEESMI.
   843 | D:1      | 843 ||| READING scroll labelled NUCRILITEG.
   847 | D:1      | 847 ||| READING scroll labelled NIPRAO VUGABB.
   848 | D:1      | 848 ||| READING scroll labelled BUCUXZ COBB.
   849 | D:1      | 849 ||| READING scroll labelled ZAPPUI GITUMEY.
   850 | D:1      | 850 ||| READING scroll labelled NITZUSHR YRCHEM.
   851 | D:1      | 851 ||| READING scroll labelled ETAUREX TOG CEGO.
   852 | D:1      | 852 ||| DROPPING scroll of revelation.
   853 | D:1      | 853 ||| DROPPING scroll of butterflies.
   991 | D:2      | Reached XP level 3. HP: 20/20 MP: 5/5
  1020 | D:2      | Found Osom Gid's Distillery.
  1048 | D:2      | 1048 ||| BUYING potion of curing (42 gold).
  1048 | D:2      | Bought a potion of curing for 42 gold pieces
  1048 | D:2      | 1048 ||| SHOPLISTING potion of enlightenment (70 gold, have
                  | 8).
  1048 | D:2      | 1048 ||| SHOPLISTING potion of heal wounds (70 gold, have
                  | 8).
  1048 | D:2      | 1048 ||| SHOPLISTING potion of might (56 gold, have 8).
  1097 | D:2      | Reached skill level 7 in Ranged Weapons
  1518 | D:2      | 1518 ||| FLEEEEING.
  1642 | D:2      | 1642 ||| READING scroll labelled IMEIGU QEBUREO.
  1643 | D:2      | 1643 ||| DRINKING 2 glowing brown potions.
  1644 | D:2      | 1644 ||| DRINKING 3 potions of curing.
  1644 | D:2      | 1644 ||| (to cure confusion)
  1645 | D:2      | 1645 ||| DROPPING potion of ambrosia.
  1756 | D:3      | Reached XP level 4. HP: 24/25 MP: 6/6
  2097 | D:3      | Noticed Sigmund
  2098 | D:3      | 2098 ||| FLEEEEING.
  2099 | D:3      | 2099 ||| FLEEEEING.
  2100 | D:3      | 2100 ||| FLEEEEING.
  2101 | D:3      | 2101 ||| FLEEEEING.
  2102 | D:3      | 2102 ||| FLEEEEING.
  2104 | D:3      | 2104 ||| FLEEEEING.
  2106 | D:3      | 2106 ||| FLEEEEING.
  2107 | D:3      | 2107 ||| FLEEEEING.
  2110 | D:3      | 2110 ||| FLEEEEING.
  2111 | D:3      | 2111 ||| FLEEEEING.
  2112 | D:3      | 2112 ||| FLEEEEING.
  2121 | D:3      | HP: 5/25 [poisoned by Sigmund]
  2122 | D:3      | HP: 2/25 [poisoned by Sigmund]
  2123 | D:3      | Killed Sigmund
  2123 | D:3      | Succumbed to Sigmund's poison

Levels and vault maps discovered:
D:1:      minmay_arrival_widening_spiral_narrow, layout_basic
D:2:      layout_basic, serial_shops, nicolae_shop_industrial_runoff,
          grunt_decor_junction
D:3:      layout_basic, cheibrodos_ashenzari_chains,
          nicolae_concentric_dashed_squares_mild, minmay_stone_trees_small,
          grunt_decor_resistance, amcnicky_mini_pool_small, uniq_sigmund

Skill      XL: |  1  2  3 |
---------------+----------+-----
Ranged Weapons | 6 7 |  7.8
Fighting       | |  1.5
Dodging        | |  2.4
Stealth        | |  1.2

Action                     |  1- 3 |  4- 6 || total
---------------------------+-------+-------++-------
   Fire: Shortbow          |   115 |    29 ||   144
    Use: Scroll            |    10 |       ||    10
         Potion            |     2 |       ||     2
 Armour: Leather armour    |     1 |       ||     1
         Ring mail         |     7 |     2 ||     9
  Dodge: Dodged            |    20 |    10 ||    30

Table legend:
 A = Non-vault XP
 B = Vault XP
 C = Vault XP percentage of total XP
 D = Non-vault monster count
 E = Vault monster count
 F = Vault count percentage of total count
                 A         B        C        D         E       F
            +---------+---------+-------+---------+---------+-------
      Total |     135 |     223 |  62.3 |      49 |       1 |   2.0
            +---------+---------+-------+---------+---------+-------
        D:1 |      35 |       0 |   0.0 |      21 |       0 |   0.0
        D:2 |      50 |       0 |   0.0 |      20 |       0 |   0.0
        D:3 |      50 |     223 |  81.7 |       8 |       1 |  11.1
            +---------+---------+-------+---------+---------+-------
